 Dungeon Crawl Stone Soup version 0.30-a0-883-g5ad918d77d (webtiles) character file.

Game seed: 5658529241456186237

10299 OrthodoxDeviant the Stormcaller (level 11, 0/81 HPs)
             Began as a Tengu Air Elementalist on Mar 17, 2023.
             Was a Priest of Vehumet.
             Succumbed to Erica's bolt of poison
             ... on level 9 of the Dungeon.
             The game lasted 01:09:26 (12097 turns).

OrthodoxDeviant the Stormcaller (TeAE)             Turns: 12097, Time: 01:09:27

Health: 0/81       AC:  8    Str: 10    XL:     11   Next: 59%
Magic:  25/25      EV: 14    Int: 19    God:    Vehumet [***...]
Gold:   755        SH:  0    Dex: 14    Spells: 13/28 levels left

rFire   + . .      SeeInvis .    G - staff of air
rCold   + . .      Faith    .    (no shield)
rNeg    . . .      Spirit   .    s - +2 robe {rC+ rF+}
rPois   .          Reflect  .    (helmet restricted)
rElec   +          Rampage  .    (no cloak)
rCorr   .                        (no gloves)
Will    .....                    (boots unavailable) Stlth
                                 g - amulet of magic regeneration
HPRegen 0.33/turn                k - +4 ring of protection
MPRegen 0.59/turn                A - ring of wizardry

@: berserking, lethally poisoned (0 -> -3), about to teleport, flying quickly
and evasively, very quick
A: beak, talons 3, nimble flight
a: Renounce Religion


You were on level 9 of the Dungeon.
You worshipped Vehumet.
Vehumet was most pleased with you.
You visited 2 branches of the dungeon, and saw 10 of its levels.
You also visited: Bailey.

You collected 755 gold pieces.

Inventory:

Hand Weapons
 j - a +2 whip of freezing
Missiles
 H - a throwing net
Armour
 s - a +2 robe of resistance (worn)
 x - +0 steam dragon scales
Magical Staves
 G - a staff of air (weapon)
Jewellery
 g - an amulet of magic regeneration (around neck)
 k - a +4 ring of protection (left hand)
 y - a +6 ring of strength
 A - a ring of wizardry (right hand)
Wands
 n - a wand of roots (10)
 t - a wand of digging (6)
 v - a wand of polymorph (4)
 E - a wand of mindburst (14)
Scrolls
 d - 6 scrolls of teleportation
 l - a scroll of magic mapping
 m - 4 scrolls of fog
 z - 2 scrolls of fear
 B - 2 scrolls of butterflies
 C - a scroll of enchant weapon
 D - a scroll of blinking
 I - a scroll of identify
Potions
 a - 2 potions of degeneration {unknown}
 b - 2 potions of magic
 c - 4 potions of mutation {unknown}
 e - 3 potions of berserk rage
 f - 3 potions of haste {unknown}
 h - a potion of might {unknown}
 i - 2 potions of heal wounds {unknown}
 o - 3 potions of attraction {unknown}
 p - 2 potions of lignification {unknown}
 q - a potion of ambrosia {unknown}
 r - 2 potions of cancellation
 u - 2 potions of curing {unknown}
 w - 2 potions of flight {unknown}
Miscellaneous
 F - a lightning rod (4/4)


   Skills:
 - Level 2.1 Dodging
 - Level 2.0 Stealth
 + Level 9.3 Spellcasting
 + Level 13.0 Conjurations
 + Level 15.3 Air Magic


You had 13 spell levels left.
You knew the following spells:

 Your Spells              Type           Power      Damage    Failure   Level
a - Shock                 Conj/Air       100%       1d9       0%          1
b - Static Discharge      Conj/Air       100%       2-7/arc   1%          2
c - Airstrike             Air            39%        2d(6-22)  1%          4
d - Swiftness             Air            79%        N/A       1%          3
e - Arcjolt               Conj/Air       38%        1d48      1%          5

Your spell library contained the following spells:

 Spells                   Type           Power      Damage    Failure   Level
 Scorch                   Fire           16%        2d5       1%          2
 Kindle Blastsparks       Fire/Tloc/Air  84%        2d17      1%          3
 Vhi's Electric Charge    Tloc/Air       100%       N/A       1%          3
 Sticky Flame             Conj/Fire      33%        2d5       1%          4
 Freezing Cloud           Conj/Ice/Air   30%        6-21      1%          5
 Slow                     Hex            32%        N/A       3%          1
 Ignite Poison            Fire/Tmut/Pois 8%         N/A       3%          3
 Lesser Beckoning         Tloc           16%        N/A       4%          2
 Confusing Touch          Hex            8%         N/A       10%         3
 Gell's Gravitas          Tloc           8%         N/A       10%         3
 Teleport Other           Tloc           8%         N/A       10%         3
 Vampiric Draining        Necr           8%         2d6       10%         3
 Maxwell's Capacitive Co  Air            39%        ∞         11%         8
 Ignition                 Fire           4%         3d4       100%        8


Dungeon Overview and Level Annotations

Branches:
Dungeon (9/15)             Temple (1/1) D:4          Bailey (visited)
   Lair: D:8-11         Orc: D:9-12

Altars:
Ashenzari
Cheibriados
Dithmenos
Elyvilon
Fedhas
Gozag
Kikubaaqudgha
Makhleb
Nemelex Xobeh
Okawaru
Qazlal
Ru
Sif Muna
Trog
Uskayaw
Vehumet
Wu Jian
Xom
Yredelemnul
The Shining One

Annotations:
D:3 1 runed translucent door, Strat's ghost, amateur MeTm
D:5 exclusion: steam dragon
D:9 Erica


Innate Abilities, Weirdness & Mutations

You have a beak for a mouth.
You have claws for feet.
Your magical nature lets you fly swiftly and evasively.


Message History

You bump into the rock wall.
Something completely misses you.
You bump into the rock wall.
Something hits you! Something burns you.
You bump into the rock wall.
You feel less confused.
You hear some strange, mumbled words.
A bolt of poison appears from out of thin air!
The bolt of poison misses you.
You hear some strange, mumbled words.
A bolt of poison appears from out of thin air!
The bolt of poison hits you!
You are poisoned.
It was a potion of cancellation.
You feel magically purged.
You feel very sick.
Unknown command.
Okay, then.
As you read the scroll of teleportation, it crumbles to dust.
You feel strangely unstable.
You feel sick. Something hits you but does no damage.
Unknown command.
Okay, then.
You feel sick. Something hits you!
* * * LOW HITPOINT WARNING * * *
Something burns you.
* * * LOW HITPOINT WARNING * * *
It was a potion of berserk rage.
A red film seems to cover your vision as you go berserk!
You feel yourself moving faster!
You feel mighty!
You feel sick. Something hits you!
* * * LOW HITPOINT WARNING * * *
Something burns you.
* * * LOW HITPOINT WARNING * * *
You are too berserk!
Unknown command.
You are too berserk!
You are too berserk!
You are too berserk!
You are too berserk!
You feel a strong urge to attack something.
You die...

##.......###.....##########...#..
.........# #.....# ##########.#..
#....)..# #.....# #......# #.#..
######.## ####..# #......# #.#..
#### #.#######..# #......###.#<.
#...###..........# #........#.###
..............##.# #.....)#.#....
#...#########..#.# #......#.#[.#.
#).. ##..@# ######.#....# #...
####..####.....###..# #...
#...........#### ##.# #...
#.......#....## #.# #...
###.......#.....## #.# ####
#............#..... ..#
#[.................. .#
#...###......#.###.. .. #...#
########.# ..


There were no monsters in sight!

Vanquished Creatures
  An orc warlord (Bailey)
  An orc knight (Bailey)
  A gargoyle (D:9)
  Grinder (D:4)
  Sigmund (D:3)
  A wyvern (D:7)
  4 steam dragons
  Menkaure (D:4)
  A water moccasin (D:7)
  4 orc warriors
  3 black bears
  2 ice beasts (D:6)
  A centaur (D:9)
  An ogre (D:6)
  A phantom (D:5)
  A kobold brigand (D:8)
  A bullfrog (D:8)
  A gnoll sergeant (D:9)
  2 scorpions
  5 wights (D:7)
  6 killer bees (D:8)
  2 howler monkeys
  2 hounds
  2 jellies
  2 gnoll boudas
  2 orc priests
  5 iguanas
  Ijyb (D:4)
  Natasha (D:4)
  3 orc wizards
  Robin (D:4)
  3 adders
  15 gnolls
  A shadow imp (D:6)
  A white imp (D:6)
  3 worms
  3 dart slugs
  6 orcs
  9 ball pythons
  8 endoplasms
  8 giant cockroaches
  22 goblins
  14 hobgoblins
  4 jackals
  6 quokkas
  4 bats
  4 frilled lizards
  27 kobolds
  6 rats
205 creatures vanquished.

Vanquished Creatures (others)
  An iguana (D:5)
  9 plants
10 creatures vanquished.

Grand Total: 215 creatures vanquished

Notes
Turn   | Place    | Note
-------+----------+-------------------------------------------
     0 | D:1      | OrthodoxDeviant the Tengu Air Elementalist began the quest
                  | for the Orb.
     0 | D:1      | Reached XP level 1. HP: 10/10 MP: 4/4
   301 | D:1      | Reached XP level 2. HP: 15/15 MP: 0/6
   304 | D:1      | Learned a level 2 spell: Static Discharge
  1054 | D:1      | Reached XP level 3. HP: 18/19 MP: 2/7
  1875 | D:2      | Reached skill level 5 in Air Magic
  2469 | D:3      | Reached XP level 4. HP: 24/24 MP: 6/8
  2740 | D:3      | Noticed Sigmund
  2865 | D:3      | Learned a level 4 spell: Airstrike
  2913 | D:3      | Found a runed translucent door.
  2914 | D:3      | Noticed Strat's ghost (amateur MeTm)
  3617 | D:4      | Noticed a black bear
  3618 | D:4      | Noticed a black bear
  3681 | D:4      | Noticed Grinder
  4205 | D:4      | You fall into a shaft and drop 3 floors!
  4273 | D:6      | Noticed an ice beast
  4348 | D:5      | Entered Level 5 of the Dungeon
  4353 | D:5      | Gained mutation: Your magical nature lets you fly swiftly
                  | and evasively. [Tengu growth]
  4353 | D:5      | Reached XP level 5. HP: 28/28 MP: 7/10
  4450 | D:4      | Paralysed by Grinder for 5 turns
  4471 | D:4      | Found a staircase to the Ecumenical Temple.
  4524 | Temple   | Entered the Ecumenical Temple
  4741 | D:4      | Reached skill level 6 in Air Magic
  5014 | D:3      | Killed Sigmund
  5015 | D:3      | Reached skill level 5 in Conjurations
  5015 | D:3      | Reached skill level 7 in Air Magic
  5015 | D:3      | Reached XP level 6. HP: 32/32 MP: 6/12
  5146 | D:4      | Killed a black bear
  5147 | D:4      | Reached XP level 7. HP: 25/36 MP: 11/13
  5306 | D:4      | Paralysed by Grinder for 3 turns
  5315 | D:4      | Killed Grinder
  5316 | D:4      | Reached skill level 8 in Air Magic
  5329 | D:4      | Learned a level 3 spell: Swiftness
  5471 | D:4      | Found a shimmering blue altar of Sif Muna.
  5473 | D:4      | Found a burning altar of Makhleb.
  5474 | D:4      | Found a sparkling altar of Nemelex Xobeh.
  5480 | D:4      | Found an ancient bone altar of Kikubaaqudgha.
  5481 | D:4      | Found a radiant altar of Vehumet.
  5483 | D:4      | Found a stormy altar of Qazlal.
  5484 | D:4      | Found a bloodstained altar of Trog.
  5485 | D:4      | Found a shadowy altar of Dithmenos.
  5488 | D:4      | Became a worshipper of Vehumet
  5490 | D:4      | Found a blossoming altar of Fedhas.
  5493 | D:4      | Found an iron altar of Okawaru.
  5494 | D:4      | Found a sacrificial altar of Ru.
  5507 | D:4      | Noticed Ijyb
  5639 | D:4      | Killed Ijyb
  5759 | D:4      | Noticed Natasha
  5761 | D:4      | Killed Natasha
  5773 | D:4      | Noticed Menkaure
  5872 | D:4      | Killed Menkaure
  5873 | D:4      | Reached skill level 9 in Air Magic
  5873 | D:4      | Reached XP level 8. HP: 34/41 MP: 13/15
  5998 | D:4      | Noticed Robin
  6001 | D:4      | Killed Robin
  6279 | D:5      | Reached * piety under Vehumet
  6279 | D:5      | Offered knowledge of Magic Dart by Vehumet.
  7313 | D:6      | Reached skill level 10 in Air Magic
  7350 | D:6      | Reached skill level 5 in Spellcasting
  7589 | D:6      | Reached XP level 9. HP: 45/45 MP: 15/17
  7772 | D:6      | Reached skill level 11 in Air Magic
  8678 | D:7      | Reached skill level 12 in Air Magic
  8684 | D:7      | Learned a level 5 spell: Arcjolt
  8711 | D:7      | Reached ** piety under Vehumet
  8889 | D:7      | Offered knowledge of Poisonous Vapours by Vehumet.
  9400 | D:8      | Found a flagged portal.
  9409 | Bailey   | Entered a bailey
  9478 | Bailey   | Noticed an orc warlord
  9514 | Bailey   | Noticed an orc knight
  9538 | Bailey   | Killed an orc knight
  9539 | Bailey   | Reached XP level 10. HP: 50/50 MP: 4/21
  9659 | Bailey   | Found a runed translucent gate.
  9662 | Bailey   | Found a runed translucent gate.
  9663 | Bailey   | Found a runed translucent gate.
  9719 | Bailey   | Reached skill level 10 in Conjurations
  9859 | Bailey   | Killed an orc warlord
  9860 | Bailey   | Reached skill level 13 in Air Magic
 10801 | D:8      | Offered knowledge of Scorch by Vehumet.
 10935 | D:8      | Reached skill level 15 in Air Magic
 10935 | D:8      | Reached XP level 11. HP: 54/54 MP: 22/25
 11191 | D:8      | Reached *** piety under Vehumet
 12064 | D:9      | Noticed Erica
 12096 | D:9      | HP: 3/81 [something (11)]
 12096 | D:9      | HP: 1/81 [something (2)]
 12097 | D:9      | Succumbed to Erica's bolt of poison

Illustrated notes

Levels and vault maps discovered:
D:1:      scummos_arrival_simple_crosswalls, layout_loops_corners
D:2:      layout_basic, serial_forest, infiniplex_forest_fountain,
          infiniplex_forest_fountain, infiniplex_forest_3_way,
          infiniplex_forest_end_1, infiniplex_forest_straight_4,
          infiniplex_forest_corner_1, infiniplex_forest_clump_curved
D:3:      layout_loops_ring, gammafunk_ghost_grave, kennysheep_generic_room_3,
          uniq_sigmund
D:4:      kennysheep_goblin_castle, layout_basic,
          nicolae_overflow_hallway_of_the_gods, minmay_temple_entry_glass,
          serial_bayou_pond_b, minivault_24, grunt_decor_fettered, uniq_ijyb,
          uniq_menkaure, uniq_natasha, uniq_grinder
D:5:      layout_gridville
D:6:      layout_basic, serial_corexii_hall, corexii_hall_statues_i,
          corexii_hall_statues_x, corexii_hall_statues_s, corexii_hall_statues_s
D:7:      layout_basic
D:8:      layout_basic, enter_bailey_2, dk_rats_in_the_wall
D:9:      layout_basic, uniq_erica
Temple:   nicolae_temple_ecumenical_triangle

Skill      XL: |  1  2  3  4  5  6  7  8  9 10 11 |
---------------+----------------------------------+-----
Conjurations   | 2 3 5 6 7 9 12 13 | 13.0
Air Magic      | 5 7 9 10 12 15 | 15.3
Spellcasting   | 3 4 5 6 9 |  9.3
Dodging        | |  2.1
Stealth        | |  2.0

Action                     |  1- 3 |  4- 6 |  7- 9 | 10-12 || total
---------------------------+-------+-------+-------+-------++-------
  Melee: Whip              |       |     3 |       |     7 ||    10
         Peck              |       |     1 |       |     1 ||     2
         Kick              |       |     1 |       |       ||     1
   Cast: Shock             |    96 |    83 |   177 |    18 ||   374
         Static Discharge  |       |     5 |    11 |     3 ||    19
         Airstrike         |       |       |    36 |    70 ||   106
    Use: Scroll            |       |     2 |     6 |     4 ||    12
         Potion            |       |       |       |     3 ||     3
 Armour: Robe              |     2 |     6 |     9 |    10 ||    27
  Dodge: Dodged            |     9 |     9 |    21 |    27 ||    66

Table legend: (Time is in decaauts)
 A = Elapsed time spent in this place.
 B = Non-inter-level travel time spent in this place.
 C = Inter-level travel time spent in this place.
 D = Time resting spent in this place.
 E = Time spent auto-exploring this place.
 F = Levels seen in this place.
 G = Mean time per level.
                   A        B        C        D        E       F      G
               +--------+--------+--------+--------+--------+-----+--------+
         Total |  11585 |  10073 |   1512 |   1901 |   6600 |  11 | 1053.2 |
       Dungeon |  10990 |   9484 |   1506 |   1778 |   6376 |   9 | 1221.1 |
        Temple |     29 |     24 |      5 |      0 |     20 |   1 |   29.0 |
        Bailey |    564 |    564 |      0 |    123 |    204 |   1 |  564.0 |
               +--------+--------+--------+--------+--------+-----+--------+

Top non-repeatable levels by time:
     D:4: 1813 daAuts
     D:8: 1758 daAuts
     D:1: 1524 daAuts
     D:3: 1340 daAuts
     D:6: 1303 daAuts
     D:2: 1066 daAuts
     D:5: 931 daAuts
     D:7: 929 daAuts
  Bailey: 564 daAuts
     D:9: 325 daAuts
  Temple: 29 daAuts
